 Dungeon Crawl Stone Soup version 0.30-a0-743-gbfdf073431 (webtiles) character file.

Game seed: 1822517502398948180

32 M4edhros the Insei (level 3, 0/34 HPs)
             Began as an Octopode Transmuter on Feb 6, 2023.
             Slain by Edmund
             ... wielding a +5 flail of protection
              (2 damage)
             ... on level 4 of the Dungeon.
             The game lasted 00:00:47 (532 turns).

M4edhros the Insei (Octopode Transmuter)             Turns: 532, Time: 00:00:47

Health: 0/34       AC: 21    Str:  9    XL:     3   Next: 27%
Magic:  6/6        EV:  2    Int: 15    God:
Gold:   36         SH:  0    Dex: 14    Spells: 5/6 levels left

rFire   . . .      SeeInvis .      - Unarmed
rCold   . . .      Faith    .    (no shield)
rNeg    . . .      Spirit   .    (helmet currently unavailable)
rPois   +          Reflect  .    (no amulet)
rElec   .          Harm     .    (no ring)
rCorr   .          Rampage  .    (no ring)
Will    .....      NoTele   +    (no ring)
Stlth   +                        (no ring)
HPRegen 0.25/turn                (no ring)
MPRegen 0.10/turn                (no ring)
                                 (no ring)
                                 (no ring)

@: tree-form
A: stationary, stasis, torment immunity, boosted hp, almost no armour,
(amphibious), 8 rings, (camouflage 1), (gelatinous body 1), (nimble swimmer 1),
(tentacles)
a: no special abilities


You were on level 4 of the Dungeon.
You were a tree.
You visited 1 branch of the dungeon, and saw 4 of its levels.

You collected 36 gold pieces.

Inventory:

Scrolls
 b - 2 scrolls of identify {unknown}
 e - a scroll of magic mapping {unknown}
 g - 3 scrolls of teleportation {unknown}
Potions
 a - a potion of lignification
 c - a potion of mutation {unknown}
 d - a potion of flight {unknown}
 f - a potion of curing {unknown}


   Skills:
 - Level 1.0 Fighting
 - Level 2.0 Dodging
 + Level 3.7 Unarmed Combat
 - Level 2.0 Spellcasting
 + Level 2.9 Transmutations


You had 5 spell levels left.
You knew the following spells:

 Your Spells              Type           Power      Damage    Failure   Level
a - Beastly Appendage     Tmut           20%        N/A       7%          1

Your spell library contained the following spells:

 Spells                   Type           Power      Damage    Failure   Level
 Wereblood                Tmut           10%        N/A       10%         2
 Spider Form              Tmut/Pois      5%         N/A       36%         3
 Ice Form                 Ice/Tmut       5%         N/A       77%         4


Dungeon Overview and Level Annotations

Branches:
Dungeon (4/15)
 Temple: D:4-7

Altars:

Annotations:
D:4 Edmund


Innate Abilities, Weirdness & Mutations

You are a tree.
Your roots penetrate the ground, keeping you stationary.
You cannot be teleported.
You are immune to unholy pain and torment.
Your maximum health is greatly increased.
You cannot wear most types of armour.
((You are amphibious.))
You can wear up to eight rings at the same time.
((Your skin changes colour to match your surroundings (Stealth+).))
((Your rubbery body absorbs attacks. (AC +1, EV +1)))
((You are camouflaged when in or above water. (Stealth+)))
((You have tentacles for arms and can constrict up to eight enemies at once.))


Message History

Really quaff the potion of lignification?
You turn into a tree.
Your roots penetrate the ground.
Edmund shouts!
An adder comes into view.
Edmund hits you with a +5 flail of protection.
The adder hisses angrily.
You hit Edmund but do no damage. You hit Edmund but do no damage.
Edmund hits you with a +5 flail of protection!
You hit Edmund.
Edmund is lightly wounded.
A kobold comes into view. It is wielding a +0 short sword.
Edmund hits you but does no damage.
You closely miss the adder.
The kobold shouts!
Edmund hits you but does no damage. The adder bites you but does no damage.
You hit Edmund.
Edmund is moderately wounded.
The adder bites you but does no damage.
Edmund hits you with a +5 flail of protection.
You hit Edmund but do no damage.
Edmund is moderately wounded.
The adder bites you but does no damage.
Edmund drinks a potion.
Edmund goes berserk!
The adder bites you but does no damage.
You smack Edmund!
Edmund is heavily wounded.
Edmund hits you but does no damage. The adder bites you but does no damage.
Edmund hits you with a +5 flail of protection!!
Ouch! That really hurt!
* * * LOW HITPOINT WARNING * * *
Okay, then.
You aren't carrying any items that you can evoke.
Okay, then.
You hit Edmund. Your punch misses Edmund.
Edmund is heavily wounded.
Edmund hits you but does no damage. The adder bites you but does no damage.
You completely miss Edmund.
Edmund is heavily wounded.
Edmund hits you with a +5 flail of protection.
You die...

#. (.# ## #.# ..
... #[.##.. #...
.....##.... #
..#.#.....
#.###.#.......
###.............
........<.......
.###..♣SK<....#
##@####..... #S
.... #. ... #>
#. #. #. ..


You could see Edmund (berserk), 2 adders and a kobold.

Vanquished Creatures
  An adder (D:3)
  A dart slug (D:3)
  A ball python (D:1)
  5 bats
  An endoplasm (D:1)
  3 giant cockroaches
  A goblin (D:1)
  2 hobgoblins
  3 kobolds
  A frilled lizard (D:1)
  A rat (D:3)
20 creatures vanquished.

Notes
Turn   | Place    | Note
-------+----------+-------------------------------------------
     0 | D:1      | M4edhros the Octopode Transmuter began the quest for the
                  | Orb.
     0 | D:1      | Reached XP level 1. HP: 13/13 MP: 3/3
   184 | D:1      | Reached XP level 2. HP: 15/18 MP: 5/5
   441 | D:3      | Reached XP level 3. HP: 16/23 MP: 6/6
   521 | D:4      | Noticed Edmund
   530 | D:4      | HP: 1/34 [Edmund/+5 flail of protection (18)]
   532 | D:4      | Slain by Edmund

Illustrated notes

Levels and vault maps discovered:
D:1:      minmay_arrival_stair_chambers, layout_loops_ring,
          shapermc_ecumenical_altar_acropolis
D:2:      layout_loops_ring, serial_shops, shop
D:3:      layout_loops_ring, mainiacjoe_overflow_alcove_1
D:4:      layout_cave_pools, saegor_snake_ambush, uniq_edmund

Action                     || total
---------------------------++-------
  Melee: Unarmed           ||    60
         Constrict         ||    12
         Tentacles         ||     9
         Punch             ||     1
    Use: Potion            ||     1
   Stab: Sleeping          ||     7
 Armour: Skin              ||    13
  Dodge: Dodged            ||    40

Table legend: (Time is in decaauts)
 A = Elapsed time spent in this place.
 B = Non-inter-level travel time spent in this place.
 C = Inter-level travel time spent in this place.
 D = Time resting spent in this place.
 E = Time spent auto-exploring this place.
 F = Levels seen in this place.
 G = Mean time per level.
                   A        B        C        D        E       F      G
               +--------+--------+--------+--------+--------+-----+--------+
         Total |    527 |    518 |      9 |      0 |    364 |   4 |  131.8 |
       Dungeon |    527 |    518 |      9 |      0 |    364 |   4 |  131.8 |
               +--------+--------+--------+--------+--------+-----+--------+

Top non-repeatable levels by time:
     D:1: 280 daAuts
     D:3: 227 daAuts
     D:4: 10 daAuts
     D:2: 9 daAuts
